 Dungeon Crawl Stone Soup version 0.20.0-15-g7f486f2 (webtiles) character file.

1530 vishdafish the Shield-Bearer (level 8, -1/49 HPs)
             Began as a Gargoyle Fighter on June 19, 2017.
             Splashed by a jelly's acid (4 damage)
             ... on level 6 of the Dungeon.
             The game lasted 00:15:29 (5213 turns).

vishdafish the Shield-Bearer (Gargoyle Fighter)     Turns: 5213, Time: 00:15:30

Health: -1/49      AC: 20    Str: 23    XL:     8   Next: 85%
Magic:  7/7        EV:  9    Int:  8    God:
Gold:   159        SH: 10    Dex:  9    Spells: 7/7 levels left

rFire    . . .     SeeInvis .   x - +1 flail (protect)
rCold    + . .     Gourm    .   c - +0 shield
rNeg     + . .     Faith    .   b - +0 scale mail
rPois    ∞         Spirit   .   k - +0 helmet
rElec    +         Reflect  .   l - +0 cloak
rCorr    .         Harm     .   v - +0 pair of gloves
MR       .....                  f - +0 pair of boots
Stlth    ..........             (no amulet)
Regen    0.2/turn               j - ring of ice
MPRegen  0.1/turn               (no ring)

@: corroded, protection aura, flying
A: fire resistance 1, low mp 1, mutation resistance 1, negative energy
resistance 1, screaming 1, electricity resistance, unbreathing, petrification
resistance, rot immunity, AC +5
a: no special abilities


You were on level 6 of the Dungeon.
You were hungry.

You visited 1 branch of the dungeon, and saw 6 of its levels.

You collected 159 gold pieces.

Inventory:

Hand Weapons
 a - a +0 flail
 x - a +1 flail of protection (weapon)
Missiles
 w - 4 silver tomahawks (quivered)
Armour
 b - a +0 scale mail (worn)
 c - a +0 shield (worn)
 f - a +0 pair of boots (worn)
 k - a +0 helmet (worn)
 l - a +0 cloak (worn)
 v - a +0 pair of gloves (worn)
Jewellery
 j - a ring of ice (left hand)
 m - an uncursed ring of ice
 q - a cursed ring of teleportation {unknown}
Scrolls
 e - 2 scrolls of enchant weapon {unknown}
 g - a scroll of magic mapping {unknown}
 i - 3 scrolls of remove curse {unknown}
 n - a scroll of immolation {unknown}
 p - a scroll of teleportation
 r - a scroll of amnesia {unknown}
 y - a scroll of fog {unknown}
Potions
 d - a potion of might
 h - 2 potions of curing
 o - a potion of brilliance
 t - 2 potions of magic
Comestibles
 s - 3 bread rations
 u - 6 fruits
 A - a royal jelly


   Skills:
 + Level 5.2 Fighting
 + Level 6.9 Maces & Flails
 + Level 5.3 Armour
 + Level 2.0 Dodging
 + Level 1.7 Stealth
 + Level 6.9 Shields


You had 7 spell levels left.
You didn't know any spells.

Dungeon Overview and Level Annotations

Branches:
Dungeon (6/15)             Temple (0/1) D:4

Altars:
Dithmenos
Elyvilon
Fedhas
Gozag
Kikubaaqudgha
Makhleb
Trog
The Shining One


Innate Abilities, Weirdness & Mutations

You are resistant to torment.
Your stone body is resilient. (AC +5)
You are immune to poison.
You resist negative energy. (rN+)
You are resistant to electric shocks. (rElec)
You can survive without breathing.
You are immune to petrification.
You are immune to rotting.
Your flesh is heat resistant. (rF+)
Your magical capacity is low. (-10% MP)
You are somewhat resistant to further mutation.
You occasionally shout uncontrollably at your foes.


Message History

Beogh smites you!
* * * LOW HITPOINT WARNING * * *
The orc wizard points at you and mumbles some strange words.
The puff of frost hits you!
As you read the scroll of teleportation, it crumbles to dust.
You feel strangely unstable.
Your surroundings suddenly seem different.
You block the jelly's attack.
Found a bread ration.
A jelly comes into view.
You completely miss the jelly. The jelly hits you but does no damage.
A quokka comes into view.
You thump the jelly!
Your weapon exudes an aura of protection.
The acid corrodes you!
Your hands burn!
* * * LOW HITPOINT WARNING * * *
The jelly is heavily wounded.
The jelly barely misses you.
You hit the jelly.
Your hands burn!
You die...

######...##
#. ###..#
#.. ##.. ..
##. .. ##
.# # .# .
####.##....
#..@J..r..%
#......####
#......#
#......#
########


You could see a jelly and a quokka.

Vanquished Creatures
  Menkaure (D:6)
  A black bear (D:4)
  A sky beast (D:5)
  2 ogres
  2 centaurs (D:6)
  A bullfrog (D:3)
  A scorpion (D:5)
  A howler monkey (D:5)
  A quasit (D:5)
  4 orc priests
  A jelly (D:6)
  3 hounds
  4 orc wizards
  8 worker ants
  A worker ant zombie (D:5)
  A howler monkey zombie (D:6)
  A howler monkey skeleton (D:4)
  7 adders
  A shadow imp (D:5)
  2 oozes
  3 adder skeletons
  A worm (D:3)
  2 dart slugs
  5 leopard geckos
  5 orcs
  3 ball pythons
  8 giant cockroaches
  11 goblins
  5 hobgoblins
  7 jackals
  A quokka (D:4)
  7 bats
  2 frilled lizards (D:3)
  8 kobolds
  A leopard gecko zombie (D:5)
  11 rats
124 creatures vanquished.

Vanquished Creatures (others)
  A bullfrog skeleton (D:6)
1 creature vanquished.

Grand Total: 125 creatures vanquished

Notes
Turn   | Place    | Note
-------+----------+-------------------------------------------
     0 | D:1      | vishdafish the Gargoyle Fighter began the quest for the Orb.
     0 | D:1      | Reached XP level 1. HP: 14/14 MP: 1/1
   408 | D:1      | Reached XP level 2. HP: 13/19 MP: 2/2
   848 | D:1      | Reached XP level 3. HP: 23/23 MP: 3/3
  1594 | D:2      | Reached XP level 4. HP: 29/29 MP: 4/4
  1751 | D:2      | Found a white marble altar of Elyvilon.
  2065 | D:3      | Found an opulent altar of Gozag.
  2337 | D:3      | Noticed a bullfrog
  2346 | D:3      | Killed a bullfrog
  2346 | D:3      | Reached XP level 5. HP: 33/33 MP: 5/5
  2620 | D:3      | Found a shadowy altar of Dithmenos.
  2758 | D:4      | Noticed a black bear
  2779 | D:4      | Reached XP level 6. HP: 25/38 MP: 6/6
  2793 | D:4      | Killed a black bear
  2793 | D:4      | Reached skill level 1 in Dodging
  2793 | D:4      | Reached skill level 5 in Shields
  3005 | D:4      | Found a staircase to the Ecumenical Temple.
  3211 | D:4      | Found a glowing golden altar of the Shining One.
  3273 | D:4      | Reached XP level 7. HP: 33/44 MP: 7/7
  3504 | D:4      | Reached skill level 5 in Maces & Flails
  3523 | D:4      | HP: 1/44 [orc priest/divine providence (12)]
  4195 | D:5      | Entered Level 5 of the Dungeon
  4341 | D:5      | Gained mutation: Your flesh is heat resistant. (rF+) [mutagenic meat]
  4342 | D:5      | Gained mutation: You are somewhat resistant to further mutation. [mutagenic meat]
  4343 | D:5      | Gained mutation: You occasionally shout uncontrollably at your foes. [mutagenic meat]
  4345 | D:5      | Gained mutation: Your magical capacity is low. (-10% MP) [mutagenic meat]
  4383 | D:5      | Reached XP level 8. HP: 25/48 MP: 7/7
  4578 | D:5      | Reached skill level 5 in Armour
  4807 | D:5      | Found a burning altar of Makhleb.
  4807 | D:5      | Found a bloodstained altar of Trog.
  4835 | D:6      | Reached skill level 1 in Stealth
  4879 | D:6      | Reached skill level 5 in Fighting
  5137 | D:6      | Noticed Menkaure
  5155 | D:6      | Killed Menkaure
  5167 | D:6      | Found an ancient bone altar of Kikubaaqudgha.
  5177 | D:6      | Found a blossoming altar of Fedhas.
  5213 | D:6      | Splashed by a jelly's acid

Skill      XL: |  1  2  3  4  5  6  7  8 |
---------------+-------------------------+-----
Maces & Flails | 3 4 5 6 |  6.9
Shields        | 4 5 6 |  6.9
Armour         | 4 5 |  5.3
Fighting       | 4 5 |  5.2
Dodging        | 1 2 |  2.0
Stealth        | 1 |  1.7

Action                   |  1- 3 |  4- 6 |  7- 9 || total
-------------------------+-------+-------+-------++-------
Melee: Flail             |   165 |   221 |   215 ||   601
  Use: Scroll            |       |       |    10 ||    10
       Potion            |       |       |     5 ||     5
 Stab: Invisible         |       |       |     3 ||     3
  Eat: Bread ration      |     1 |       |     1 ||     2
       Fruit             |       |     2 |       ||     2
       Royal jelly       |       |     1 |     1 ||     2
       Chunk             |       |       |     5 ||     5
Armor: Scale mail        |   112 |   129 |   131 ||   372
Dodge: Dodged            |    65 |    89 |    82 ||   236
Block: Shield            |    93 |   122 |   130 ||   345
